 Dungeon Crawl Stone Soup version 0.31.0-32-g396128a36d (webtiles) character file.

Game seed: 13479157696374086826

21 spaghetti the Slasher (level 2, 0/28 HPs)
             Began as a Naga Berserker on Mar 25, 2024.
             Was a Follower of Trog.
             Slain by a jackal (1 damage)
             ... on level 1 of the Dungeon.
             The game lasted 00:00:56 (362 turns).

spaghetti the Slasher (Naga Berserker)               Turns: 362, Time: 00:00:57

Health: 0/28       AC:  1    Str: 19    XL:     2   Next: 87%
Magic:  2/2        EV:  9    Int:  7    God:    Trog [*.....]
Gold:   7          SH:  0    Dex: 10    Spells: 1/1 levels left

rFire   . . .        a - +0 falchion
rCold   . . .        (no shield)
rNeg    . . .        b - +0 animal skin
rPois   +            (no helmet)
rElec   .            (no cloak)
rCorr   .            (no gloves)
SInv    +            (no barding)
Will    .....        (no amulet)
Stlth   +            (no ring)
HPRegen 0.24/turn    (no ring)
MPRegen 0.08/turn

%: no passive effects
@: on berserk cooldown, slowed, very slow
A: AC +0, large, see invisible, deformed body, poison resistance, slowness 2,
spit poison 1, naga tail 1
a: Spit Poison, Renounce Religion, Berserk


You were on level 1 of the Dungeon.
You worshipped Trog.
Trog was aware of your devotion.
You visited 1 branch of the dungeon, and saw 1 of its levels.

You collected 7 gold pieces.

Inventory:

Hand Weapons
 a - a +0 falchion (weapon)
Armour
 b - a +0 animal skin (worn)


   Skills:
 - Level 3.0 Fighting
 + Level 4.0 Long Blades
 - Level 1.5 Armour
 - Level 1.5 Dodging


You had one spell level left.
You didn't know any spells.
Your spell library was empty.

Dungeon Overview and Level Annotations

Branches:
Dungeon (1/15)

Altars:


Innate Abilities, Weirdness & Mutations

Your serpentine skin is tough. (AC +0)
You have supernaturally acute eyesight. (SInv)
Armour fits poorly on your strangely shaped body.
Your system is resistant to poisons. (rPois)
You cover ground very slowly.
You can spit poison.
You have a snake-like lower body.


Message History

A jackal comes into view.
Your Long Blades skill increases to level 4!
You are no longer berserk.
You are exhausted.
You feel yourself slow down.
The jackal barks!
The jackal bites you.
* * * LOW HITPOINT WARNING * * *
The jackal attacks as it pursues you! The jackal bites you.
* * * LOW HITPOINT WARNING * * *
The jackal bites you.
* * * LOW HITPOINT WARNING * * *
The jackal closely misses you.
You closely miss the jackal. The jackal bites you.
* * * LOW HITPOINT WARNING * * *
The jackal bites you.
* * * LOW HITPOINT WARNING * * *
It was a potion of curing.
You feel better. The jackal bites you.
* * * LOW HITPOINT WARNING * * *
The jackal bites you.
* * * LOW HITPOINT WARNING * * *
Okay, then.
As you read the scroll labelled OTOTUA QACVUJA, it crumbles to dust.
The creatures around you are filled with an inner flame!
It was a scroll of immolation.
The jackal barely misses you. x2
You aren't carrying any potions.
You aren't carrying any scrolls.
The jackal barely misses you. The jackal bites you.
* * * LOW HITPOINT WARNING * * *
The jackal bites you.
* * * LOW HITPOINT WARNING * * *
The jackal bites you but does no damage.
Okay, then.
The jackal bites you.
* * * LOW HITPOINT WARNING * * *
The jackal bites you but does no damage.
The jackal bites you.
* * * LOW HITPOINT WARNING * * *
The jackal bites you.
You die...

.#.... .#.#. .... ...
### .... #.. .#.# ♣.♣
####.#.# #.# #.h@.#.#
♣.♣#♣ # . #.####.# #...
.#.. #.# #.###♣.♣#♣....
#.# ##.#..........# #.#
#.....♣.♣.....♣ #.#
#.##.##..#..♣♣♣
#.###.###.##.###.##...
#.....)...##..#..##.♣♣.
#####.######....#...♣♣


You could see a jackal (inner flame).

Vanquished Creatures
  2 dart slugs (D:1)
  2 bats (D:1)
  2 endoplasms (D:1)
  A giant cockroach (D:1)
  A hobgoblin (D:1)
  4 jackals (D:1)
  2 kobolds (D:1)
  A frilled lizard (D:1)
15 creatures vanquished.

Notes
Turn   | Place    | Note
-------+----------+-------------------------------------------
     0 | D:1      | spaghetti the Naga Berserker began the quest for the Orb.
     0 | D:1      | Reached XP level 1. HP: 21/21 MP: 1/1
   242 | D:1      | Reached XP level 2. HP: 28/28 MP: 2/2
   351 | D:1      | Reached skill level 4 in Long Blades
   356 | D:1      | HP: 1/28 [jackal (1)]
   362 | D:1      | HP: 1/28 [jackal (2)]
   362 | D:1      | Slain by a jackal

Illustrated notes

Levels and vault maps discovered:
D:1:      elethiomel_arrival_infinity_welcomes_careful_drivers,
          layout_loops_ring, serial_forest, infiniplex_forest_split,
          infiniplex_forest_join, infiniplex_forest_end_2,
          infiniplex_forest_lined_3, infiniplex_forest_lined_1,
          infiniplex_forest_end_1, infiniplex_forest_lined_3_way,
          shapermc_ecumenical_altar_mp_ritualfount

Skill      XL: |  1  2 |
---------------+-------+-----
Long Blades    | 4 |  4.0
Fighting       | |  3.0
Armour         | |  1.5
Dodging        | |  1.5

Action                     || total
---------------------------++-------
  Melee: Falchion          ||    49
 Invoke: Berserk           ||     1
Ability: Spit Poison       ||     1
    Use: Scroll            ||     1
         Potion            ||     1
   Stab: Sleeping          ||     1
 Armour: Animal skin       ||    48
  Dodge: Dodged            ||    27
